Map: [ESL] Goldenaura

Players

Clem - Winner!

  • Race: Terran Terran
  • Spawn Location: 12:00

Rogue

  • Race: Zerg Zerg
  • Spawn Location: 5:00

Event: ESL Spring 2024 Finals

VOD

Have the link to the VOD?

Description

Time

  • Played on: June 1, 2024, 10:24 a.m.
  • Length: 10:39

All games in this series

Show
View Real Time Build Order
Export as new Build Order

Clem Terran - Winner!

Build Orders: Reaper Expand, Hellion Banshee 

Get SALT Encoding   

  12  0:00  SCV  
  13  0:12  SCV  
  14  0:17  Supply Depot  
  14  0:24  SCV  
  15  0:38  SCV  
  15  0:39  Barracks  
  16  0:44  Refinery  
  16  0:50  SCV  
  17  1:02  SCV  
  18  1:15  SCV  
  19  1:26  Reaper  
  19  1:27  Orbital Command  
  20  1:39  Command Center  
  20  1:46  Supply Depot  
  20  1:52  SCV  
  21  1:58  Marine  
  22  2:04  SCV  
  23  2:10  Factory  
  23  2:16  SCV  
  23  2:20  Barracks Reactor  
  24  2:29  SCV  
  25  2:39  Command Center  
  25  2:44  SCV  
  25  2:51  Orbital Command  
  26  2:56  SCV  
  27  3:03  Hellion x2  
  31  3:09  Starport  
  31  3:11  SCV  
  32  3:15  Refinery  
  32  3:18  SCV  
  33  3:23  SCV  
  33  3:24  Hellion  
  36  3:29  Hellion  
  36  3:31  SCV  
  39  3:35  Barracks Tech Lab, SCV  
  40  3:43  SCV  
  40  3:47  SCV  
  42  3:52  Hellion x2  
  42  3:55  Orbital Command, SCV  
  46  4:00  SCV  
  45  4:03  Cloaking Field  
  45  4:06  Supply Depot  
  45  4:07  SCV  
  45  4:08  Banshee  
  49  4:12  SCV  
  49  4:14  Barracks Tech Lab  
  50  4:18  Hellion x2  
  50  4:19  SCV  
  50  4:22  SCV  
  50  4:24  SCV  
  57  4:30  Supply Depot  
  57  4:31  SCV  
  57  4:33  Barracks  
  57  4:35  Barracks, Stimpack  
  57  4:37  SCV  
  59  4:39  SCV  
  59  4:43  Marine, Refinery  
  61  4:46  SCV  
  61  4:50  SCV, Factory Reactor  
  63  4:53  Supply Depot  
  63  4:55  Orbital Command  
  63  4:56  Engineering Bay  
  63  4:57  Engineering Bay  
  63  4:58  SCV  
  61  5:01  Marine  
  61  5:02  SCV  
  60  5:09  Refinery  
  60  5:10  SCV  
  60  5:11  Banshee  
  64  5:14  SCV  
  64  5:15  Supply Depot  
  65  5:21  SCV  
  65  5:22  Supply Depot  
  65  5:23  SCV  
  65  5:26  SCV  
  65  5:28  Marine  
  68  5:30  Terran Infantry Weapons Level 1  
  68  5:32  Factory Reactor  
  68  5:33  SCV  
  68  5:35  SCV  
  71  5:36  Marine  
  71  5:37  Supply Depot, Marine  
  71  5:38  SCV, Marine  
  71  5:39  Marine  
  76  5:45  SCV  
  76  5:46  Marine  
  76  5:47  SCV  
  79  5:52  Barracks  
  79  5:53  Barracks  
  79  5:54  Marine  
  78  5:57  SCV  
  78  5:58  SCV  
  78  5:59  SCV  
  78  6:01  Marine  
  78  6:05  Marine x2  
  78  6:08  Supply Depot, Marine  
  78  6:09  SCV  
  78  6:10  SCV  
  78  6:11  SCV  
  84  6:15  Supply Depot, Marine  
  84  6:18  Marine, Terran Infantry Armor Level 1  
  85  6:21  SCV  
  85  6:22  SCV  
  85  6:23  SCV  
  85  6:25  Supply Depot  
  89  6:26  Siege Tank, Medivac  
  89  6:28  Supply Depot, Combat Shield, Medivac  
  89  6:30  Marine  
  97  6:33  Marine  
  97  6:34  SCV x2  
  97  6:35  SCV  
  97  6:39  Barracks Reactor  
  101  6:40  Marine x2, Barracks Reactor  
  101  6:42  Marine  
  101  6:46  SCV  
  101  6:47  SCV x2  
  106  6:48  Marine  
  106  6:51  Marine  
  106  6:52  Factory  
  109  6:54  Refinery  
  109  6:58  Supply Depot, SCV, Marine  
  109  6:59  Supply Depot  
  109  7:00  Armory  
  111  7:02  Siege Tank  
  111  7:05  SCV  
  111  7:07  Medivac  
  117  7:09  SCV  
  117  7:10  SCV  
  117  7:11  Supply Depot, Marine x3  
  117  7:12  Marine  
  117  7:15  Medivac  
  125  7:17  SCV, Marine  
  127  7:23  Marine  
  127  7:26  SCV  
  127  7:27  Marine  
  129  7:32  Marine, Command Center  
  129  7:33  SCV  
  129  7:35  Marine  
  122  7:37  Medivac  
  122  7:39  Factory Tech Lab  
  122  7:40  Marine x2  
  122  7:41  Marine  
  122  7:42  Marine  
  122  7:43  Marine  
  118  7:45  Medivac  
  118  7:46  Marine  
  118  7:49  Marine  
  118  7:50  Marine  
  122  7:53  Siege Tank, Marine  
  122  7:57  Marine  
  127  7:59  Siege Tank, Marine  
  127  8:00  Refinery  
  127  8:02  Supply Depot  
  127  8:04  Marine x3  
  134  8:06  SCV  
  134  8:07  Medivac  
  134  8:08  Marine x2  
  134  8:10  Terran Infantry Weapons Level 2  
  139  8:14  Marine x2  
  139  8:15  Marine  
  139  8:18  Marine  
  143  8:22  Barracks x2  
  143  8:24  Barracks  
  143  8:25  Siege Tank  
  146  8:29  Marine  
  146  8:31  Siege Tank  
  146  8:33  Marine  
  151  8:38  Marine x2  
  151  8:39  Marine x2  
  152  8:44  SCV x3  
  156  8:53  Marine  
  156  8:54  Marine  
  157  8:56  SCV  
  157  8:58  Siege Tank, Marine  
  157  8:59  SCV  
  157  9:02  Marine x2  
  165  9:03  Medivac  
  165  9:04  Siege Tank  
  165  9:07  Marine  
  165  9:09  Marine  
  170  9:12  Marine  
  170  9:14  Marine  
  170  9:16  Barracks Tech Lab x3  
  167  9:22  Marine x4  
  167  9:23  Planetary Fortress  
  171  9:25  SCV x2  
  171  9:26  Command Center  
  171  9:28  SCV  
  171  9:29  Marine x2  
  171  9:30  Siege Tank, Marine  
  171  9:35  Supply Depot  
  171  9:36  Siege Tank  
  171  9:37  Supply Depot, SCV  
  171  9:38  SCV, Marine  
  177  9:41  SCV, Marine x2  
  180  9:46  Marine x2  
  180  9:47  Marine, Marauder x2  
  180  9:48  Marine  
  188  9:53  Supply Depot  
  188  9:55  Refinery  
  188  9:56  Refinery  
  188  9:57  SCV, Marauder  
  191  10:00  Marine x4  
  191  10:02  Siege Tank, Marine  
  191  10:04  Marine  
  191  10:05  Marine  
  197  10:09  Ghost Academy  
  197  10:13  Marine  
  197  10:14  Marine  
  184  10:17  Marine  
  184  10:18  Marine  
Show
View Real Time Build Order
Export as new Build Order

Rogue Zerg 

Build Orders: Hatch First 

Get SALT Encoding   

  12  0:01  Drone  
  13  0:12  Overlord  
  13  0:17  Drone  
  14  0:30  Drone x2  
  16  0:48  Hatchery  
  15  0:51  Drone  
  15  0:54  Drone  
  17  0:58  Drone  
  18  1:10  Extractor  
  17  1:14  Spawning Pool  
  17  1:17  Drone  
  17  1:20  Drone  
  18  1:28  Drone  
  19  1:39  Drone  
  20  1:49  Drone  
  21  2:01  Queen x2  
  21  2:02  Zergling x4  
  27  2:14  Hatchery  
  26  2:19  Overlord  
  26  2:23  Drone  
  26  2:25  Drone  
  27  2:39  Drone x3  
  27  2:42  Queen  
  32  2:46  Drone  
  33  2:51  Overlord  
  33  2:55  Drone x2  
  35  2:58  Metabolic Boost  
  35  3:04  Overlord  
  35  3:10  Drone x3  
  35  3:12  Drone  
  39  3:16  Drone  
  40  3:20  Queen  
  40  3:23  Drone  
  40  3:26  Drone x2  
  45  3:31  Drone  
  46  3:37  Drone  
  46  3:39  Queen  
  46  3:41  Overlord  
  49  3:45  Zergling x6  
  51  3:50  Drone  
  51  3:53  Drone x3  
  51  3:55  Spore Crawler  
  52  3:57  Drone  
  52  4:00  Drone  
  52  4:02  Drone  
  52  4:05  Drone  
  52  4:07  Drone  
  54  4:10  Queen  
  54  4:13  Drone x2  
  54  4:14  Drone  
  59  4:17  Drone x2  
  59  4:18  Drone  
  59  4:20  Drone  
  59  4:24  Queen  
  63  4:26  Overlord  
  65  4:33  Overlord  
  65  4:36  Drone  
  65  4:37  Overlord  
  66  4:39  Overlord  
  66  4:44  Queen  
  66  4:45  Drone x3  
  71  4:46  Drone  
  71  4:49  Spore Crawler x2  
  71  4:50  Queen  
  72  4:58  Spore Crawler  
  72  4:59  Zergling x10  
  75  5:00  Drone  
  75  5:01  Drone  
  75  5:03  Drone  
  75  5:04  Drone  
  77  5:08  Lair  
  77  5:09  Drone x2  
  77  5:12  Drone x3  
  82  5:15  Drone, Extractor  
  82  5:16  Extractor  
  82  5:17  Extractor  
  82  5:19  Drone  
  81  5:21  Drone x2  
  81  5:22  Drone x2  
  81  5:25  Extractor  
  84  5:29  Drone  
  84  5:31  Evolution Chamber x2  
  84  5:32  Drone x2  
  85  5:39  Drone x2  
  85  5:42  Hatchery, Drone  
  87  5:44  Baneling Nest  
  87  5:45  Overlord  
  87  5:47  Drone  
  87  5:48  Drone  
  88  5:52  Drone  
  88  5:54  Drone  
  90  5:57  Drone x4  
  90  6:02  Zerg Ground Armor Level 1  
  90  6:05  Drone x2  
  90  6:08  Zergling x12  
  90  6:09  Overlord  
  98  6:18  Zerg Melee Weapons Level 1  
  98  6:20  Hatchery  
  98  6:23  Drone x2  
  98  6:24  Overseer  
  98  6:28  Drone x2  
  98  6:32  Zergling x2  
  101  6:33  Zergling x6  
  101  6:35  Overlord  
  101  6:36  Centrifugal Hooks  
  101  6:39  Hatchery, Drone  
  104  6:43  Drone x3  
  104  6:44  Spore Crawler  
  104  6:45  Drone x2  
  105  6:50  Drone, Overlord  
  105  6:54  Queen  
  106  6:58  Burrow  
  108  7:03  Zergling x14  
  108  7:04  Overlord  
  108  7:06  Hydralisk Den, Zergling x4  
  108  7:07  Overlord  
  116  7:13  Zergling x6  
  116  7:15  Zergling x2  
  120  7:17  Zergling x2  
  120  7:19  Zergling x2  
  122  7:24  Zergling x2  
  122  7:26  Baneling x10  
  122  7:28  Zergling x8  
  118  7:33  Zergling x2  
  118  7:35  Zergling x20  
  118  7:36  Queen  
  119  7:38  Zergling x2  
  119  7:39  Zergling x2, Queen  
  119  7:43  Zergling x6  
  110  7:47  Zergling x2  
  104  7:52  Hydralisk  
  104  7:53  Hydralisk x4  
  104  7:55  Baneling x2  
  104  7:56  Baneling  
  104  7:57  Hydralisk  
  114  8:01  Zerg Ground Armor Level 2  
  114  8:04  Grooved Spines  
  112  8:06  Baneling  
  112  8:07  Baneling x3  
  112  8:11  Zergling x14  
  117  8:16  Hydralisk  
  117  8:17  Hydralisk  
  119  8:21  Zergling x2  
  111  8:29  Hydralisk x2  
  111  8:31  Zergling x16  
  111  8:32  Zergling x2  
  111  8:33  Zergling x4  
  126  8:35  Drone x2  
  126  8:36  Drone  
  126  8:40  Drone  
  126  8:41  Drone x3  
  132  8:43  Drone x3  
  132  8:46  Drone x3  
  138  8:48  Zergling x2  
  138  8:50  Zergling x2  
  140  8:56  Overlord x3  
  140  9:00  Overlord  
  131  9:04  Zergling x12  
  131  9:05  Zergling x2  
  131  9:06  Zergling x4  
  131  9:09  Zergling x2  
  140  9:11  Hydralisk  
  140  9:12  Hydralisk  
  140  9:14  Hydralisk  
  140  9:15  Hydralisk  
  139  9:18  Zergling x6  
  139  9:23  Muscular Augments, Hydralisk  
  139  9:24  Hydralisk  
  137  9:25  Zergling x4  
  137  9:26  Zergling x2  
  137  9:27  Zergling x2  
  137  9:28  Zergling x2  
  137  9:29  Zergling x4  
  146  9:34  Baneling x6  
  146  9:36  Zergling x2  
  146  9:37  Zergling x8  
  151  9:39  Zergling x2  
  151  9:42  Hydralisk x2  
  151  9:43  Zergling x2  
  151  9:44  Overlord  
  157  9:47  Queen, Extractor  
  157  9:48  Extractor  
  157  9:54  Zergling x14, Overlord  
  157  9:56  Baneling x8  
  157  9:59  Zergling x4  
  165  10:01  Zergling x2  
  165  10:06  Hydralisk x3  
  167  10:08  Zergling x6  
  167  10:09  Zergling x2  
  167  10:12  Zergling x4  
  145  10:14  Hydralisk  
  145  10:17  Zergling x10  
  145  10:19  Zergling x2  
Tags
 
Add a new tag
Caveats
  • Supply blocks, unpowered buildings, or Contaminate may cause inaccurate times.
  • Supply counts are checked every 10 seconds.